 Dungeon Crawl Stone Soup version 0.26-a0-662-g8b9c6dab81 (webtiles) character file.

Game seed: 6825820440997248854

203 looop the Insei (level 5, 0/33 HPs)
             Began as an Octopode Transmuter on Oct 9, 2020.
             Killed by nerve-wracking pain
             ... invoked by Menkaure
              (10 damage)
             ... on level 4 of the Dungeon.
             The game lasted 00:05:43 (4439 turns).

looop the Insei (Octopode Transmuter)               Turns: 4439, Time: 00:05:43

Health: 0/33       AC:  1    Str:  9    XL:     5   Next: 81%
Magic:  8/8        EV: 13    Int: 17    God:
Gold:   151        SH:  0    Dex: 12    Spells: 2/8 levels left

rFire    . . .     SeeInvis .     - Unarmed
rCold    . . .     Faith    .   (no shield)
rNeg     . . .     Spirit   .   (helmet restricted)
rPois    .         Reflect  .   (no amulet)
rElec    .         Harm     .   p - ring of attention (curse)
rCorr    .         Rampage  .   (no ring)
MR       .....                  (no ring)
Stlth    +.........             (no ring)
HPRegen  0.11/turn              (no ring)
MPRegen  0.11/turn              (no ring)
                                (no ring)
                                (no ring)

@: no status effects
A: almost no armour, stealthy swim, amphibious, 8 rings, constrict 8, camouflage
1, gelatinous body 1
a: no special abilities


You were on level 4 of the Dungeon.
You visited 1 branch of the dungeon, and saw 4 of its levels.

You collected 151 gold pieces.

Inventory:

Hand Weapons
 b - a +0 hunting sling
Missiles
 g - 28 poisoned darts (quivered)
 q - 34 stones
 r - 2 javelins
Armour
 s - a +0 kite shield
Jewellery
 p - a cursed ring of attention (left tentacle)
Wands
 k - a wand of polymorph (9)
Scrolls
 c - a scroll of magic mapping {unknown}
 d - 2 scrolls of fear {unknown}
 h - 4 scrolls of identify
 i - 2 scrolls of teleportation {unknown}
 l - a scroll of fog
 t - a scroll of immolation {unknown}
 u - a scroll of amnesia {unknown}
 v - a scroll of remove curse {unknown}
Potions
 a - 2 potions of flight {unknown}
 e - a potion of ambrosia {unknown}
 f - a potion of invisibility {unknown}
 j - 2 potions of curing {unknown}
 m - 2 potions of stabbing {unknown}
 n - a potion of brilliance {unknown}
 o - a potion of lignification {unknown}


   Skills:
 - Level 1.0 Fighting
 - Level 2.0 Dodging
 + Level 4.9 Unarmed Combat
 - Level 2.0 Spellcasting
 + Level 4.3 Transmutations


You had 2 spell levels left.
You knew the following spells:

 Your Spells              Type           Power        Failure   Level
a - Beastly Appendage     Tmut           ###...       3%          1
b - Wereblood             Tmut           ###.....     4%          2
c - Spider Form           Tmut/Pois      #.........   24%         3

Your spell library contained the following spells:

 Spells                   Type           Power        Failure   Level
 Ice Form                 Ice/Tmut       #.......     63%         4
 Blade Hands              Tmut           ###.......   67%         5


Dungeon Overview and Level Annotations

Branches:
Dungeon (4/15)
 Temple: D:4-7

Altars:
Hepliaklqana
Wu Jian
Zin

Shops:
D:4 *

Annotations:
D:4 Menkaure, Pikel


Innate Abilities, Weirdness & Mutations

You cannot wear most types of armour.
You are very stealthy in the water. (Stealth+)
You are amphibious.
You can wear up to eight rings at the same time.
You can use your tentacles to constrict eight enemies at once.
Your skin changes colour to match your surroundings (Stealth+).
Your rubbery body absorbs attacks. (AC +1, EV +1)


Message History

Menkaure calls on the powers of darkness!
Your body is wracked with pain!
The ball python bites you. The ball python closely misses you.
You tentacle-slap the ball python.
You kill the ball python!
A leopard gecko skeleton comes into view.
A leopard gecko comes into view.
Menkaure mumbles some strange words.
Menkaure seems to speed up.
You see here a ball python corpse.
A worker ant comes into view.
Menkaure calls on the powers of darkness!
The worker ant convulses!
The leopard gecko convulses!
Your body is wracked with pain!
* * * LOW HITPOINT WARNING * * *
There is a stone staircase leading up here.
Menkaure sighs a few words.
Menkaure points at you and mumbles some strange words.
Pain shoots through your body!
You die...

.......#. ...#
......... ...#
Z...l...## ..#
#Z.MB...##..##
#.......#....#
#...........#
###..........#
#........@...#
#......†....#.#
...............#
##.##..........#
#. #...#.....##
# #..#......#
... .$..(...
#... ........
#... ..#....#


You could see Menkaure (fast), a worker ant, a leopard gecko and a leopard gecko
skeleton.

Vanquished Creatures
  Jessica (D:3)
  An orc wizard (D:3)
  4 adders
  A worm (D:2)
  A dart slug (D:3)
  7 leopard geckos
  11 orcs
  5 bats
  6 giant cockroaches
  8 hobgoblins
  9 jackals
  4 quokkas
  A ball python (D:4)
  A ball python skeleton (D:4)
  3 frilled lizards
  11 goblins
  7 kobolds
  5 rats
86 creatures vanquished.

Notes
Turn   | Place    | Note
-------+----------+-------------------------------------------
     0 | D:1      | looop the Octopode Transmuter began the quest for the Orb.
     0 | D:1      | Reached XP level 1. HP: 13/13 MP: 3/3
   371 | D:1      | Reached XP level 2. HP: 13/18 MP: 5/5
   922 | D:2      | Reached XP level 3. HP: 23/23 MP: 4/6
   969 | D:2      | Learned a level 2 spell: Wereblood
   973 | D:2      | Learned a level 3 spell: Spider Form
  1325 | D:2      | Noticed a centaur
  1558 | D:2      | Reached XP level 4. HP: 17/28 MP: 5/7
  2468 | D:3      | Found a hazy altar of Hepliaklqana.
  2471 | D:3      | Found an ornate altar of the Wu Jian Council.
  2704 | D:3      | Found a faded altar of an unknown god.
  3062 | D:3      | Reached XP level 5. HP: 32/33 MP: 8/8
  3468 | D:3      | Noticed Jessica
  3476 | D:3      | Killed Jessica
  4035 | D:4      | Found Zin's Purification Station.
  4046 | D:4      | Found a glowing silver altar of Zin.
  4047 | D:4      | Noticed a lemure
  4054 | D:4      | Noticed a lemure
  4057 | D:4      | Noticed Pikel
  4057 | D:4      | Noticed a lemure
  4057 | D:4      | Noticed a lemure
  4433 | D:4      | Noticed Menkaure
  4439 | D:4      | Killed from afar by Menkaure

Illustrated notes

Levels and vault maps discovered:
D:1:      dpeg_arrival_short_road, layout_basic
D:2:      layout_loops_corners, lightli_corner_chamber
D:3:      layout_loops_ring, overflow_temple_1_default, lemuel_crystal_altar,
          chequers_ecumenical_altar_simple_redux, nrook_uturn, uniq_jessica
D:4:      layout_cave_pools, zin_purify, lemuel_crystal_altar,
          cheibrodos_gnoll_hut, uniq_grinder, uniq_pikel, uniq_menkaure

Skill      XL: |  1  2  3  4  5 |
---------------+----------------+-----
Transmutations | 3 4 |  4.3
Unarmed Combat | 4 |  4.9
Fighting       | |  1.0
Dodging        | |  2.0
Spellcasting   | |  2.0

Action                   |  1- 3 |  4- 6 || total
-------------------------+-------+-------++-------
Melee: Unarmed           |    75 |   105 ||   180
       Constrict         |    19 |    31 ||    50
       Tentacles         |     9 |    13 ||    22
       Kick              |     6 |     7 ||    13
       Punch             |     1 |     1 ||     2
 Fire: Hunting sling     |       |    18 ||    18
Throw: Dart              |     5 |     1 ||     6
 Cast: Beastly Appendage |     8 |     7 ||    15
       Wereblood         |     1 |     1 ||     2
       Spider Form       |       |     2 ||     2
  Use: Scroll            |       |     1 ||     1
 Stab: Sleeping          |     9 |     1 ||    10
Armor: Skin              |     3 |    11 ||    14
Dodge: Dodged            |    45 |    68 ||   113

Table legend: (Time is in decaauts)
 A = Elapsed time spent in this place.
 B = Non-inter-level travel time spent in this place.
 C = Inter-level travel time spent in this place.
 D = Time resting spent in this place.
 E = Time spent auto-exploring this place.
 F = Levels seen in this place.
 G = Mean time per level.
                   A        B        C        D        E       F      G
               +--------+--------+--------+--------+--------+-----+--------+
         Total |   4434 |   4321 |    113 |    340 |   3402 |   4 | 1108.5 |
       Dungeon |   4434 |   4321 |    113 |    340 |   3402 |   4 | 1108.5 |
               +--------+--------+--------+--------+--------+-----+--------+

Top non-repeatable levels by time:
     D:3: 1948 daAuts
     D:2: 1542 daAuts
     D:1: 898 daAuts
     D:4: 45 daAuts
